 Dungeon Crawl Stone Soup version 0.18.1-48-g4cf74bf (webtiles) character file.

19380 Doomgape the Spear-Bearer (level 12, -3/96 HPs)
             Began as a Demonspawn Wanderer on July 16, 2016.
             Was a High Priest of Ru.
             Slain by a death yak (10 damage)
             ... on level 3 of the Lair of Beasts.
             The game lasted 01:07:46 (16036 turns).

Doomgape the Spear-Bearer (Demonspawn Wanderer)    Turns: 16036, Time: 01:07:46

Health: -3/96      AC: 17    Str: 20    XL:     12   Next: 36%
Magic:  25/25      EV:  6    Int: 16    God:    Ru [*****.]
Gold:   388        SH: 10    Dex:  8    Spells: 2 memorised, 11 levels left

rFire  . . .     SeeInvis .     z - +4 trident
rCold  + . .     Gourm    .     R - +2 chain mail {rPois}
rNeg   . . .     Faith    .     r - +1 shield
rPois  +         Spirit   .     (helmet restricted)
rElec  .         Dismiss  .     e - +0 cloak
rCorr  .         Reflect  .     (no gloves)
SustAt .         Harm     .     (no boots)
MR     .....                    n - amulet "Moc Toru" {RegenMP MP+9}
Stlth  ..........               y - ring of stealth
                                m - ring of poison resistance

@: no scrolls, slowed, very slow, not resistant to hostile enchantments,
extremely unstealthy
A: antennae 1, talons 2, slimy green scales 2, cold resistance 1, demonic
guardian 2, high mp 1, screaming 1, spiny 2, wild magic 1, inability to read
while threatened, hated by all, inability to train dodging, no ice magic, no
necromancy magic, no summoning magic
a: Draw Out Power, Power Leap, Apocalypse, Renounce Religion


You were on level 3 of the Lair of Beasts.
You worshipped Ru.
Ru was extremely pleased with you.
You were hungry.

You visited 3 branches of the dungeon, and saw 14 of its levels.
You also visited: Labyrinth.

You collected 826 gold pieces.
You spent 370 gold pieces at shops.

Inventory:

Hand Weapons
 q - the +6 arbalest "Damnation" {damnation, rF++ rC- MR+}
   (You found it on level 1 of the Lair of Beasts)

   It greatly protects you from fire.
   It makes you vulnerable to cold.
   It affects your resistance to hostile enchantments.
 z - a +4 trident (weapon)
Armour
 e - a +0 cloak (worn)
 r - a +1 shield (worn)
 C - a +3 leather armour of fire resistance
 R - a +2 chain mail of poison resistance (worn)
Jewellery
 l - an uncursed ring of ice
 m - a ring of poison resistance (left hand)
 n - the amulet "Moc Toru" (around neck) {RegenMP MP+9}
   (You bought it in a shop on level 9 of the Dungeon)

   [amulet of magic regeneration]

   It increases your magic regeneration.
   It affects your magic capacity (+9).
 u - an uncursed ring of sustain attributes
 y - a ring of stealth (right hand)
 E - an uncursed ring of teleportation
 J - an uncursed ring of flight
Wands
 k - a wand of iceblast (2/15)
 v - a wand of digging (14/24)
 B - a wand of iceblast (7/15)
 H - a wand of teleportation (5/9)
 M - a wand of disintegration (10/24)
 S - a wand of acid (7/15)
Scrolls
 b - 3 scrolls of fear
 c - 3 scrolls of enchant weapon
 d - a scroll of blinking
 h - 3 scrolls of fog
 j - 8 scrolls of teleportation
 o - 8 scrolls of identify
 x - 5 scrolls of remove curse
 G - a scroll of magic mapping
 P - a scroll of recharging
 U - a scroll of enchant armour
Potions
 a - 2 potions of cure mutation
 g - 2 potions of heal wounds
 p - 3 potions of curing
 A - 2 potions of might
 D - 2 potions of mutation
 I - 2 potions of brilliance
 N - a potion of haste
Books
 T - a book of the Dragon

   Spells                             Type                      Level
   a - Flame Tongue                   Conjuration/Fire             1
   b - Cause Fear                     Hexes                        4
   c - Bolt of Fire                   Conjuration/Fire             6
   d - Dragon Form                    Transmutation                7
   e - Dragon's Call                  Summoning                    9
Miscellaneous
 F - a plain deck of defence {drawn: 6}
 L - a disc of storms
 O - a plain deck of defence {drawn: 2}
Comestibles
 f - 10 bread rations
 i - 3 beef jerkies
 s - 5 slices of pizza
 t - 22 fruits
 w - 7 meat rations
 K - a royal jelly


   Skills:
 - Level 9.5 Fighting
 - Level 13.4 Polearms
 - Level 9.1 Armour
 - Level 1.0 Stealth
 - Level 5.7 Shields
 - Level 2.1 Spellcasting
 + Level 1.9 Evocations


You had 11 spell levels left.
You knew the following spells:

 Your Spells              Type           Power        Failure   Level  Hunger
a - Blink                 Tloc           N/A          100%        2    ###....
b - Repel Missiles        Chrm/Air       #.....       100%        2    ###....


Dungeon Overview and Level Annotations

Branches:
Dungeon (10/15)            Temple (1/1) D:7            Lair (3/8) D:10
    Orc (0/2) D:10
  Swamp: Lair:3-6    Shoals: Lair:3-6     Snake: Lair:3-6    Spider: Lair:3-6

Altars:
Ashenzari
Cheibriados
Dithmenos
Elyvilon
Fedhas
Gozag
Kikubaaqudgha
Makhleb
Nemelex Xobeh
Okawaru
Pakellas
Qazlal
Ru
Sif Muna
Trog
Vehumet
Xom
Yredelemnul
Zin
The Shining One

Shops:
D:9 =


Innate Abilities, Weirdness & Mutations

You have razor-sharp toenails.
You are mostly covered in slimy green scales (AC +3).
Your flesh is cold resistant.
A demonic guardian rushes to your aid.
You occasionally shout uncontrollably at your foes.
You are mostly covered in sharp spines.
You cannot read scrolls while threatened.
You are hated by all.
You cannot train Dodging skill.
You cannot study or cast Ice magic.
You cannot study or cast Necromancy magic.
You cannot study or cast Summoning magic.
You have a pair of small antennae on your head.
You have an increased reservoir of magic (+10% MP).
Your spells are a little harder to cast, but a little more powerful.


Message History

* * * LOW HITPOINT WARNING * * *
The death yak gores you!
* * * LOW HITPOINT WARNING * * *
You block the death yak's attack. You block the torpor snail's attack.
You block the death yak's attack.
Drink which item? (? for menu, Esc to quit)
You feel better. The death yak is struck by your spines.
The death yak gores you.
* * * LOW HITPOINT WARNING * * *
The torpor snail bites you but does no damage.
You block the death yak's attack.
Evoke which item? (* to show all) (? for menu, Esc to quit)
You draw a card...
It is the Elixir.
The death yak is struck by your spines. The death yak gores you!!
* * * LOW HITPOINT WARNING * * *
You redirect the death yak's attack!
The death yak gores itself!
The death yak is struck by your spines. The death yak gores you!
You die...

## ### #### .# #.######
######P.######
.#####.#.##.####.#.##..#....#####
................@Yw..............
##..+##....###.#...#.#...........
.......#..................######.
P.........#.........^#....## ##.
.P..#.#...##P.P##.##.#.....# ##..
P..........................###.#.
.......##.##.#...................
.......#######...............#P.P
>..#...# #...............)...


You could see a death yak and a torpor snail.

Vanquished Creatures
  A minotaur (Lab)
  2 unseen horrors (Lab)
  A black mamba (Lair:2)
  2 spiny frogs
  2 minotaur zombies (Lab)
  The ghost of osmosisch the Covert, a novice SpAs of Dithmenos (D:6)
  The ghost of tape the Caller, a novice TeSu (D:5)
  4 blink frogs (Lair:1)
  A spriggan (Lair:3)
  23 yaks
  4 hungry ghosts
  2 basilisks
  5 hippogriffs
  Menkaure (D:5)
  7 water moccasins
  2 porcupines
  6 orc warriors
  A black bear (D:9)
  5 sky beasts
  An ice beast (D:7)
  A phantom (D:8)
  A wasp (Lair:3)
  2 ogres
  5 wolves (Lair:1)
  3 centaurs
  5 crocodiles
  2 big kobolds
  13 giant frogs
  A wyvern zombie (D:9)
  A water moccasin skeleton (D:9)
  7 killer bees (D:10)
  7 wights
  4 electric eels
  5 howler monkeys
  2 crimson imps
  3 centaur zombies
  A quasit (D:8)
  4 hounds
  7 orc wizards
  2 giant frog zombies
  6 orc priests
  4 jellies
  3 centaur skeletons
  2 giant frog skeletons
  12 worker ants
  2 hound skeletons
  3 worker ant zombies
  11 gnolls
  13 adders
  2 howler monkey skeletons (D:4)
  39 river rats
  2 shadow imps
  An ooze (D:5)
  2 adder skeletons
  2 worms
  5 dart slugs
  6 giant geckos
  29 orcs
  3 ball pythons
  5 bats
  7 giant cockroaches
  5 goblins
  4 hobgoblins
  7 quokkas
  2 giant gecko zombies
  6 giant newts
  A jackal skeleton (D:5)
  11 kobolds
  3 quokka skeletons
  7 rats
  A fungus (Lair:2)
354 creatures vanquished.

Vanquished Creatures (collateral kills)
  2 hill giants (D:10)
  2 cyclopes
  Grinder (D:5)
  Sigmund (D:4)
  A wyvern (D:9)
  3 yaks (D:9)
  Eustachio (D:5)
  Edmund (D:4)
  A water moccasin (D:9)
  An orc warrior (D:6)
  3 ogres
  A wolf (Lair:1)
  A centaur (D:10)
  A giant frog (D:8)
  A scorpion (D:10)
  2 killer bees (D:10)
  4 wights
  An orc wizard (D:3)
  A river rat (Lair:1)
  A giant gecko (D:6)
  An orc (D:3)
  A quokka (D:4)
  A quokka zombie (D:9)
33 creatures vanquished.

Vanquished Creatures (others)
  A worker ant zombie (D:8)
  An orc (D:9)
2 creatures vanquished.

Grand Total: 389 creatures vanquished

Notes
Turn   | Place    | Note
--------------------------------------------------------------
     0 | D:1      | Doomgape the Demonspawn Wanderer began the quest for the Orb.
     0 | D:1      | Doomgape set off with: a +2 dagger, a scroll of fear, a +0 spear, a +0 ring mail, a bread ration
     0 | D:1      | Reached XP level 1. HP: 22/22 MP: 1/1
   176 | D:1      | Reached skill level 1 in Polearms
   282 | D:1      | Gained mutation: You have sharp toenails. [demonic ancestry]
   282 | D:1      | Reached XP level 2. HP: 26/28 MP: 2/2
   337 | D:1      | Reached skill level 2 in Polearms
   743 | D:2      | Gained mutation: A weak demonic guardian rushes to your aid. [demonic ancestry]
   743 | D:2      | Reached XP level 3. HP: 26/34 MP: 3/3
  1038 | D:2      | Reached skill level 3 in Polearms
  1160 | D:2      | Reached XP level 4. HP: 29/40 MP: 4/4
  1788 | D:3      | Reached skill level 4 in Polearms
  1933 | D:3      | Found a sacrificial altar of Ru.
  1968 | D:3      | Gained mutation: A demonic guardian rushes to your aid. [demonic ancestry]
  1968 | D:3      | Reached XP level 5. HP: 8/46 MP: 5/5
  2809 | D:3      | Became a worshipper of Ru the Awakened
  2902 | D:3      | Reached skill level 5 in Polearms
  3215 | D:4      | Noticed an ogre
  3218 | D:4      | Killed an ogre
  3218 | D:4      | Gained mutation: You are partially covered in sharp spines. [demonic ancestry]
  3218 | D:4      | Reached XP level 6. HP: 52/52 MP: 6/6
  3276 | D:4      | Noticed Edmund
  3277 | D:4      | Noticed Sigmund
  3281 | D:4      | Killed Edmund
  3288 | D:4      | Killed Sigmund
  3288 | D:4      | Reached skill level 6 in Polearms
  3696 | D:4      | Found an opulent altar of Gozag.
  3706 | D:4      | Gained mutation: You are mostly covered in sharp spines. [demonic ancestry]
  3706 | D:4      | Reached XP level 7. HP: 58/58 MP: 7/7
  3829 | D:5      | Entered Level 5 of the Dungeon
  3833 | D:5      | Noticed Eustachio
  3842 | D:5      | Killed Eustachio
  3842 | D:5      | Reached skill level 7 in Polearms
  3864 | D:5      | Reached skill level 8 in Polearms
  4112 | D:4      | Gained mutation: Your spells are a little harder to cast, but a little more powerful. [potion of mutation]
  4112 | D:4      | Gained mutation: You have a pair of small antennae on your head. [potion of mutation]
  4112 | D:4      | Gained mutation: You have an increased reservoir of magic (+10% MP). [potion of mutation]
  4182 | D:5      | Noticed tape's ghost (novice TeSu)
  4205 | D:5      | Killed tape's ghost
  4205 | D:5      | Gained mutation: You have razor-sharp toenails. [demonic ancestry]
  4205 | D:5      | Reached XP level 8. HP: 30/64 MP: 8/8
  4439 | D:5      | Noticed Menkaure
  4449 | D:5      | Killed Menkaure
  4755 | D:5      | Reached skill level 5 in Armour
  4921 | D:5      | Noticed Grinder
  4927 | D:5      | Killed Grinder
  5121 | D:5      | Found a bloodstained altar of Trog.
  5521 | D:6      | Gained mutation: You cannot study or cast Ice magic. [Ru sacrifice]
  5521 | D:6      | Gained mutation: You cannot study or cast Necromancy magic. [Ru sacrifice]
  5521 | D:6      | Gained mutation: You cannot study or cast Summoning magic. [Ru sacrifice]
  5521 | D:6      | Reached * piety under Ru
  5646 | D:6      | Noticed osmosisch's ghost (novice SpAs)
  5651 | D:6      | Reached XP level 9. HP: 69/69 MP: 9/9
  5667 | D:6      | Killed osmosisch's ghost
  5886 | D:6      | Learned a level 2 spell: Blink
  5889 | D:6      | Learned a level 2 spell: Repel Missiles
  6395 | D:7      | Found a staircase to the Ecumenical Temple.
  6464 | Temple   | Entered the Ecumenical Temple
  6632 | D:7      | Found a blossoming altar of Fedhas.
  6632 | D:7      | Found an ancient bone altar of Kikubaaqudgha.
  6902 | D:7      | Reached skill level 9 in Polearms
  7631 | D:8      | Found a sparkling altar of Nemelex Xobeh.
  7636 | D:8      | Gained mutation: You cannot train Dodging skill. [Ru sacrifice]
  7636 | D:8      | Reached ** piety under Ru
  7655 | D:8      | Found an oddly glowing altar of Pakellas.
  7922 | D:8      | Reached skill level 10 in Polearms
  7973 | D:9      | Noticed a cyclops
  7984 | D:9      | Killed a cyclops
  7984 | D:9      | Gained mutation: You are partially covered in slimy green scales (AC +2). [demonic ancestry]
  7984 | D:9      | Reached XP level 10. HP: 56/77 MP: 11/11
  8097 | D:9      | Found a basalt altar of Yredelemnul.
  8113 | D:9      | Found a deep blue altar of Sif Muna.
  8124 | D:9      | Found a snail-covered altar of Cheibriados.
  8133 | D:9      | Found an iron altar of Okawaru.
  8136 | D:9      | Found a shimmering altar of Xom.
  9271 | D:9      | Found Xobumpom's Jewellery Shop.
  9281 | D:9      | Bought the amulet "Moc Toru" {RegenMP MP+9} for 370 gold pieces
  9382 | D:9      | Reached skill level 1 in Spellcasting
  9661 | D:10     | Entered Level 10 of the Dungeon
 10099 | D:10     | Gained mutation: You cannot read scrolls while threatened. [Ru sacrifice]
 10099 | D:10     | Reached *** piety under Ru
 10552 | D:10     | Noticed a cyclops
 10570 | D:10     | Killed a cyclops
 10570 | D:10     | Gained mutation: Your flesh is cold resistant. [demonic ancestry]
 10570 | D:10     | Reached XP level 11. HP: 57/89 MP: 15/15
 10956 | D:10     | Reached skill level 5 in Shields
 10973 | D:10     | Found a staircase to the Orcish Mines.
 11136 | D:10     | Noticed a hill giant
 11139 | D:10     | Killed a hill giant
 11212 | D:10     | Found a staircase to the Lair.
 11213 | D:10     | Noticed a hill giant
 11218 | D:10     | Killed a hill giant
 11506 | Lair:1   | Entered Level 1 of the Lair of Beasts
 11531 | Lair:1   | Found a labyrinth entrance.
 11739 | Lab      | Entered a labyrinth
 12069 | Lab      | Found an exit through the horrors of the Abyss.
 12159 | Lab      | Gained mutation: You are hated by all. [Ru sacrifice]
 12159 | Lab      | Reached **** piety under Ru
 12195 | Lab      | Killed an unseen horror
 12333 | Lab      | Killed an unseen horror
 12515 | Lab      | Noticed a minotaur
 12530 | Lab      | Killed a minotaur
 12530 | Lab      | Reached skill level 11 in Polearms
 13266 | Lair:1   | Reached skill level 12 in Polearms
 14076 | Lair:2   | Gained mutation: You are mostly covered in slimy green scales (AC +3). [demonic ancestry]
 14076 | Lair:2   | Reached XP level 12. HP: 82/96 MP: 16/16
 14501 | Lair:2   | Reached skill level 13 in Polearms
 14581 | Lair:2   | Gained mutation: You occasionally shout uncontrollably at your foes. [Ru sacrifice]
 14581 | Lair:2   | Reached ***** piety under Ru
 15555 | Lair:3   | Reached skill level 1 in Evocations
 15879 | Lair:3   | Noticed a death yak
 16036 | Lair:3   | Slain by a death yak

Skill      XL: |  1  2  3  4  5  6  7  8  9 10 11 12 |
---------------+-------------------------------------+-----
Polearms       | 1 2 3 4 5 6 8 10 12 13 | 13.4
Armour         | 3 7 8 9 |  9.1
Fighting       | 9 |  9.5
Spellcasting   | 2 |  2.1
Shields        | 4 5 |  5.7
Evocations     | 1 |  1.9
Stealth        | |  1.0

Action                   |  1- 3 |  4- 6 |  7- 9 | 10-12 || total
-------------------------+-------+-------+-------+-------++-------
Melee: Spear             |   162 |   244 |    21 |       ||   427
       Kick              |    13 |    44 |    45 |   154 ||   256
       Trident           |       |       |   263 |   797 ||  1060
Invok: Sacrifice Arcana  |       |       |     1 |       ||     1
       Sacrifice Nimblen |       |       |     1 |       ||     1
       Sacrifice Words   |       |       |       |     1 ||     1
       Sacrifice Love    |       |       |       |     1 ||     1
       Sacrifice Purity  |       |       |       |     1 ||     1
Evoke: Wand              |       |       |     3 |     1 ||     4
       Deck              |       |       |     2 |     6 ||     8
  Use: Potion            |       |     1 |     8 |     7 ||    16
       Scroll            |       |       |    10 |     7 ||    17
 Stab: Sleeping          |       |       |     7 |     5 ||    12
       Distracted        |       |       |     1 |     1 ||     2
       Invisible         |       |       |       |     6 ||     6
       Petrified         |       |       |       |     1 ||     1
  Eat: Chunk             |     1 |     7 |    12 |    25 ||    45
       Fruit             |       |     2 |     1 |     6 ||     9
Armor: Ring mail         |    58 |    48 |     2 |       ||   108
       Leather armour    |       |       |    52 |    68 ||   120
       Chain mail        |       |       |       |   111 ||   111
Dodge: Dodged            |    56 |    62 |    54 |   113 ||   285
Block: Buckler           |    25 |    45 |    32 |       ||   102
       Shield            |       |       |    34 |   244 ||   278
